 Dungeon Crawl Stone Soup version 0.27.0-1-g7a089689b8 (webtiles) character file.

Game seed: 17880218545277309093

165 shoop the Magician (level 5, -5/37 HPs)
             Began as a Djinni Air Elementalist on Aug 2, 2021.
             Was an Initiate of Fedhas.
             Killed from afar by Blork the orc (13 damage)
             ... with a puff of frost
             ... on level 4 of the Dungeon.
             The game lasted 00:05:10 (3850 turns).

shoop the Magician (Djinni Air Elementalist)        Turns: 3850, Time: 00:05:14

Health: -5/37      AC:  3    Str:  7    XL:     5   Next: 75%
Gold:   58         EV: 11    Int: 18    God:    Fedhas [......] SH:  0 Dex: 13

rFire    + + .     SeeInvis .   l - +3 short sword
rCold    x . .     Faith    .   (no shield)
rNeg     . . .     Spirit   .   d - +0 leather armour
rPois    ∞         Reflect  .   (no helmet)
rElec    .         Harm     .   (no cloak)
rCorr    .         Rampage  .   (no gloves)
Will     .....                  (boots unavailable)
Stlth    ++........             (no amulet)
HPRegen  0.12/turn              (no ring)
MPRegen  0.00/turn              (no ring)

@: flying
A: sickness immunity, fire resistance 2, cold vulnerability 1, float, innate
caster, hp casting, extra vitality 1
a: Renounce Religion


You were on level 4 of the Dungeon.
You worshipped Fedhas.
Fedhas was noncommittal.
You visited 1 branch of the dungeon, and saw 4 of its levels.

You collected 58 gold pieces.

Inventory:

Hand Weapons
 c - a +0 spear
 g - a +0 spear of flaming
 l - a +3 short sword (weapon)
Armour
 a - a +0 robe
 d - a +0 leather armour (worn)
Scrolls
 h - 2 scrolls of identify {unknown}
 i - 3 scrolls of noise {unknown}
 k - a scroll of fog {unknown}
 n - a scroll of immolation {unknown}
 p - a scroll of teleportation {unknown}
 r - a scroll of amnesia {unknown}
Potions
 b - a potion of attraction {unknown}
 e - a potion of curing
 f - a potion of heal wounds {unknown}
 j - a potion of berserk rage {unknown}
 m - a potion of mutation {unknown}
 o - a potion of magic {unknown}
 q - a potion of brilliance {unknown}


   Skills:
 + Level 1.0 Fighting
 - Level 1.0 Armour
 - Level 2.1 Dodging
 - Level 1.5 Stealth
 * Level 4.4 Spellcasting


You couldn't memorise any spells.
You knew the following spells:

 Your Spells              Type           Power      Damage    Failure   Level
a - Shock                 Conj/Air       76%        1d7       3%          1
b - Static Discharge      Conj/Air       19%        N/A       4%          2
c - Swiftness             Air            19%        N/A       10%         3
d - Airstrike             Air            9%         N/A       32%         4
e - Animate Skeleton      Necr           38%        N/A       3%          1
f - Call Imp              Summ           19%        N/A       4%          2
Your spell library was empty.

Dungeon Overview and Level Annotations

Branches:
Dungeon (4/15)
 Temple: D:4-7

Altars:
Fedhas

Annotations:
D:4 Blork the orc


Innate Abilities, Weirdness & Mutations

You are immune to sickness and miasma.
You are immune to poison.
Your flesh is very heat resistant. (rF++)
You are vulnerable to cold. (rC-)
You float through the air rather than walking.
You learn spells naturally, not from books.
Your magical power is your life essence.
You have superior vitality. (+4 HP)


Message History

Blork the orc gestures wildly while chanting.
Blork the orc seems to speed up.
Casting: Shock (safe; 3% risk of failure)
Confirm with . or Enter, or press ? or * to list all spells.
Okay, then.
Casting: Shock (safe; 3% risk of failure)
Confirm with . or Enter, or press ? or * to list all spells.
A beastly little devil appears in a puff of flame.
Your crimson imp hits Blork the orc.
Casting: Call Imp (safe; 4% risk of failure)
Confirm with . or Enter, or press ? or * to list all spells.
Aiming: Shock (safe; 3% risk of failure)
Press: ? - help, Shift-Dir - straight line, f/p - Blork the orc
Aim: Blork the orc, wielding a +1 scimitar of holy wrath and wearing a +0 robe (heavily wounded, fast, ally target, 75% to hit)
The zap hits Blork the orc.
Blork the orc is heavily wounded.
Unknown command.
Casting: Shock (safe; 3% risk of failure)
Confirm with . or Enter, or press ? or * to list all spells.
A beastly little devil appears in a puff of flame.
Blork the orc hits you with a +1 scimitar of holy wrath!
Blork the orc hits you with a +1 scimitar of holy wrath.
* * * LOW HITPOINT WARNING * * *
Your crimson imp hits Blork the orc. x2
A giant cockroach comes into view.
Blork the orc misses your crimson imp.
Your crimson imp barely misses Blork the orc.
Your crimson imp hits Blork the orc but does no damage.
Your crimson imp blinks!
Casting: Call Imp (safe; 4% risk of failure)
Confirm with . or Enter, or press ? or * to list all spells.
Aiming: Shock (safe; 3% risk of failure)
Press: ? - help, Shift-Dir - straight line, p - Blork the orc The zap hits Blork the orc.
Blork the orc is severely wounded.
* * * LOW HITPOINT WARNING * * *
Blork the orc gestures at you while chanting.
The puff of frost hits you!
You feel a terrible chill!
You die...
Fedhas appreciates your contribution to the ecosystem.

############## . ##......##....#
o..#####..........##.# #####
.................###.#######...#
...####..........#
#.##.......### . #..........#
#.##.####..# # #......5.5.#
#.#..####.## #
#.....):.o@###...##....# ##
##........#....####.######.
##...5....#.##.##...# #..
#...........##.##.### ###.#
#.....).....##....#####...#
#......B...##...####....###
............##.#..##..####
##...................##
##........##......<#####


You could see Blork the orc (fast, ally target), a giant cockroach and 3
friendly crimson imps.

Vanquished Creatures
  A scorpion (D:4)
  3 adders
  3 worms
  2 dart slugs
  4 orcs (D:3)
  5 bats
  5 endoplasms
  2 goblins (D:3)
  5 hobgoblins
  7 jackals (D:1)
  5 quokkas
  8 ball pythons
  2 frilled lizards
  8 kobolds
  6 rats
66 creatures vanquished.

Notes
Turn   | Place    | Note
-------+----------+-------------------------------------------
     0 | D:1      | shoop the Djinni Air Elementalist began the quest for the
                  | Orb.
     0 | D:1      | Reached XP level 1. HP: 15/15 MP: 0/0
   226 | D:1      | Reached XP level 2. HP: 17/21 MP: 0/0
   588 | D:1      | Reached skill level 3 in Spellcasting
   727 | D:1      | Reached XP level 3. HP: 21/26 MP: 0/0
   727 | D:1      | Learned a level 1 spell: Animate Skeleton
  1672 | D:2      | Reached skill level 1 in Fighting
  1672 | D:2      | Reached skill level 1 in Armour
  1852 | D:2      | Reached XP level 4. HP: 30/32 MP: 0/0
  2108 | D:2      | Found a faded altar of an unknown god.
  2250 | D:2      | Found a blossoming altar of Fedhas.
  2256 | D:2      | Became a worshipper of Fedhas Madash
  3006 | D:3      | Reached XP level 5. HP: 33/37 MP: 0/0
  3006 | D:3      | Learned a level 2 spell: Call Imp
  3404 | D:4      | Reached skill level 4 in Spellcasting
  3426 | D:4      | Noticed an ogre
  3830 | D:4      | Noticed Blork the orc
  3850 | D:4      | Killed from afar by Blork the orc

Illustrated notes

Levels and vault maps discovered:
D:1:      eino_arrival_tree_alley, layout_basic
D:2:      layout_loops_ring, basic_altar,
          hellmonk_ecumenical_altar_inner_sanctum, kennysheep_path_1,
          chequers_garden
D:3:      layout_loops_ring, st_stairs_3
D:4:      layout_rooms, minmay_checkerbox, uniq_blork_the_orc

Skill      XL: |  1  2  3  4  5 |
---------------+----------------+-----
Spellcasting   | 3 4 |  4.4
Fighting       | 1 |  1.0
Armour         | 1 |  1.0
Dodging        | |  2.1
Stealth        | |  1.5

Action                   |  1- 3 |  4- 6 || total
-------------------------+-------+-------++-------
Melee: Short sword       |     1 |     3 ||     4
 Cast: Shock             |    64 |    85 ||   149
       Call Imp          |       |     4 ||     4
Armor: Leather armour    |     2 |     2 ||     4
       Robe              |     1 |       ||     1
Dodge: Dodged            |     3 |     2 ||     5
